 Dungeon Crawl Stone Soup version 0.29.1-15-g9cfb28693d (webtiles) character file.

Game seed: 6563198503377466853

28 GigaChad the Chopper (level 2, -6/25 HPs)
             Began as a Minotaur Gladiator on Mar 11, 2023.
             Mangled by a gnoll
             ... wielding a +0 halberd
              (9 damage)
             ... on level 2 of the Dungeon.
             The game lasted 00:00:50 (655 turns).

GigaChad the Chopper (Minotaur Gladiator)            Turns: 655, Time: 00:00:50

Health: -6/25      AC:  4    Str: 18    XL:     2   Next: 96%
Magic:  1/1        EV: 12    Int:  5    God:
Gold:   30         SH:  0    Dex: 11    Spells: 1/1 levels left

rFire   . . .      SeeInvis .   a - +0 war axe
rCold   . . .      Faith    .   (no shield)
rNeg    . . .      Spirit   .   b - +0 leather armour
rPois   .          Reflect  .   c - +1 hat
rElec   .          Harm     .   (no cloak)
rCorr   .          Rampage  .   (no gloves)
Will    .....                   (no boots)
Stlth   +.........              (no amulet)
HPRegen 0.08/turn               (no ring)
MPRegen 0.07/turn               (no ring)

@: no status effects
A: horns 2, retaliatory headbutt
a: no special abilities


You were on level 2 of the Dungeon.
You visited 1 branch of the dungeon, and saw 2 of its levels.

You collected 30 gold pieces.

Inventory:

Hand Weapons
 a - a +0 war axe (weapon)
Missiles
 d - 3 throwing nets (quivered)
 e - a javelin
Armour
 b - a +0 leather armour (worn)
 c - a +1 hat (worn)
Scrolls
 h - a scroll of enchant armour
Potions
 f - 3 potions of curing
 g - 2 potions of heal wounds {unknown}
 i - a potion of cancellation {unknown}


   Skills:
 + Level 2.7 Fighting
 + Level 4.4 Axes
 + Level 2.1 Throwing
 + Level 0.2 Armour
 + Level 3.7 Dodging
 + Level 0.1 Stealth


You had one spell level left.
You didn't know any spells.
Your spell library contained the following spells:

 Spells                   Type           Power      Damage    Failure   Level
 Summon Ice Beast         Ice/Summ       0%         N/A       99%         4
 Summon Mana Viper        Hex/Summ       0%         N/A       100%        5
 Monstrous Menagerie      Summ           0%         N/A       100%        7


Dungeon Overview and Level Annotations

Branches:
Dungeon (2/15)

Altars:


Innate Abilities, Weirdness & Mutations

You have a pair of horns on your head.
You reflexively headbutt those who attack you in melee.


Message History

Your body is wracked with pain!
It was a scroll of torment.
As you read the scroll labelled LAUH COPSO, it crumbles to dust.
A profound silence engulfs you.
It was a scroll of silence.
Magic scrolls do not work when you're silenced!
Your hearing returns.
HP restored.
Found a stone staircase leading down.
As you read the scroll labelled LAMAEHAOB, it crumbles to dust.
It is a scroll of identify.
f - 3 potions of curing 2 gnolls come into view.
Found 10 gold pieces.
The gnoll shouts! x2; You hear a shout!
A gnoll comes into view. It is wielding a +0 spear.
A gnoll comes into view. It is wielding a +0 club.
The gnoll moves out of view.
The gnoll shouts!
The gnoll hits you with a +0 halberd.
You closely miss the gnoll. The gnoll closely misses you.
You hit the gnoll.
The gnoll is heavily wounded.
The gnoll hits you with a +0 halberd.
You hit the gnoll.
The gnoll is severely wounded.
The gnoll misses you.
You hit the gnoll.
The gnoll is severely wounded.
The gnoll barely misses you.
The gnoll hits you from afar with a +0 spear.
The gnoll misses you.
You slash the gnoll! You headbutt the gnoll.
You kill the gnoll!
The gnoll closely misses you. x2
The gnoll hits you with a +0 halberd. The gnoll hits you with a +0 spear.
* * * LOW HITPOINT WARNING * * *
You see here a +0 club.
You closely miss the gnoll.
The gnoll is severely wounded.
You barely miss the gnoll. The gnoll hits you with a +0 halberd!
You die...

######
.########....###
..............#
#.....#....#.#
+......#####.#
#......# #.#
#......# #@#
#......#####ggg.....
######.......#......
#...........#...$..
#.###.......# .....
#.#.........# .....
#.###.#....>. ....
#.....######## ####
#.............


You could see 3 gnolls.

Vanquished Creatures
  A gnoll (D:2)
  A bat (D:1)
  A giant cockroach (D:1)
  2 goblins (D:1)
  2 hobgoblins (D:1)
  4 jackals (D:1)
  3 ball pythons (D:1)
  A kobold (D:1)
  2 rats (D:1)
17 creatures vanquished.

Notes
Turn   | Place    | Note
-------+----------+-------------------------------------------
     0 | D:1      | GigaChad the Minotaur Gladiator began the quest for the
                  | Orb.
     0 | D:1      | Reached XP level 1. HP: 18/18 MP: 0/0
   129 | D:1      | Reached skill level 4 in Axes
   131 | D:1      | Reached XP level 2. HP: 25/25 MP: 1/1
   318 | D:1      | Found a faded altar of an unknown god.
   318 | D:1      | Noticed a red devil
   655 | D:2      | Mangled by a gnoll

Illustrated notes

Levels and vault maps discovered:
D:1:      ebering_hopf_link, layout_rooms,
          dreamdust_ecumenical_altar_sealed_demon, minmay_misc_feat_x
D:2:      layout_basic

Skill      XL: |  1 |
---------------+----+-----
Axes           | 4 |  4.4
Fighting       | |  2.7
Throwing       | |  2.1
Armour         | |  0.2
Dodging        | |  3.7
Stealth        | |  0.1

Action                   || total
-------------------------++-------
Melee: War axe           ||    32
       Headbutt          ||     3
  Use: Scroll            ||     4
Armor: Leather armour    ||     7
Dodge: Dodged            ||    30
